 Dungeon Crawl Stone Soup version 0.29.1-15-g9cfb28693d (webtiles) character file.

Game seed: 4275859771542335144

3609 LLlMATKO the Fighter (level 9, -9/123 HPs)
             Began as a Minotaur Berserker on Apr 28, 2023.
             Was a Priest of Trog.
             Mangled by a centaur warrior
             ... wielding a +0 dagger
              (16 damage)
             ... on level 8 of the Dungeon.
             The game lasted 00:09:07 (8530 turns).

LLlMATKO the Fighter (Minotaur Berserker)           Turns: 8530, Time: 00:09:07

Health: -9/123     AC: 16    Str: 24    XL:     9   Next: 86%
Magic:  8/8        EV:  9    Int:  4    God:    Trog [***...]
Gold:   319        SH:  5    Dex: 12    Spells: 8/8 levels left

rFire   . . .      SeeInvis .   s - +2 flail (vorpal)
rCold   . . .      Faith    .   B - +0 buckler
rNeg    . . .      Spirit   .   w - +0 plate armour
rPois   .          Reflect  .   (helmet restricted)
rElec   .          Harm     .   (no cloak)
rCorr   .          Rampage  .   k - +1 pair of gloves
Will    .....                   (no boots)
Stlth   ..........              (no amulet)
HPRegen 0.30/turn               (no ring)
MPRegen 0.11/turn               (no ring)

@: berserking, slowed
A: horns 2, retaliatory headbutt
a: Renounce Religion, Berserk, Trog's Hand


You were on level 8 of the Dungeon.
You worshipped Trog.
Trog was most pleased with you.
You visited 1 branch of the dungeon, and saw 8 of its levels.

You collected 319 gold pieces.

Inventory:

Hand Weapons
 a - a +0 hand axe
 s - a +2 vorpal flail (weapon)
 y - a +1 whip of flaming
 F - a +0 halberd of flaming
Missiles
 i - 26 poisoned darts (quivered)
 u - 2 throwing nets
 x - 8 boomerangs
 I - a curare-tipped dart
Armour
 k - a +1 pair of gloves (worn)
 w - a +0 plate armour (worn)
 B - a +0 buckler (worn)
 G - +0 swamp dragon scales
Wands
 q - a wand of digging (1)
 v - a wand of polymorph (7)
Scrolls
 b - 2 scrolls of blinking {unknown}
 d - 13 scrolls of identify {unknown}
 e - 2 scrolls of amnesia {unknown}
 g - 2 scrolls of magic mapping {unknown}
 l - 2 scrolls of enchant armour {unknown}
 m - 3 scrolls of teleportation {unknown}
 o - a scroll of poison {unknown}
 p - 2 scrolls of acquirement {unknown}
 A - 2 scrolls of enchant weapon {unknown}
 D - a scroll of noise {unknown}
 E - 2 scrolls of brand weapon {unknown}
 J - a scroll of fear {unknown}
Potions
 c - a potion of curing {unknown}
 f - 2 potions of attraction {unknown}
 h - 2 potions of brilliance {unknown}
 j - 4 potions of heal wounds {unknown}
 n - 2 potions of flight {unknown}
 r - a potion of ambrosia {unknown}
 t - a potion of berserk rage {unknown}
 z - 2 potions of lignification {unknown}
 C - 2 potions of magic {unknown}
 H - a potion of resistance {unknown}


   Skills:
 + Level 8.7 Fighting
 - Level 6.4(7.4) Axes
 + Level 5.6(7.0) Maces & Flails
 + Level 8.3 Armour
 + Level 7.6 Dodging
 + Level 5.6 Shields


You had 8 spell levels left.
You didn't know any spells.
Your spell library was empty.

Dungeon Overview and Level Annotations

Branches:
Dungeon (8/15)             Temple (0/1) D:4
   Lair: D:8-11

Altars:
Cheibriados
Hepliaklqana
Sif Muna
Xom
Yredelemnul
The Shining One


Innate Abilities, Weirdness & Mutations

You have a pair of horns on your head.
You reflexively headbutt those who attack you in melee.


Message History

You feel very sick. The hornet barely misses you. You furiously retaliate!
You headbutt the hornet.
You feel very sick.
You feel very sick.
The hornet stings you but does no damage.
You feel sick.
You feel sick.
The hornet stings you but does no damage.
A red film seems to cover your vision as you go berserk!
You feel yourself moving faster!
You feel mighty!
You feel sick.
The hornet stings you but does no damage.
You closely miss the hornet.
The hornet is lightly wounded.
You feel sick. The hornet stings you.
* * * LOW HITPOINT WARNING * * *
You feel yourself slow down.
You are too injured to fight recklessly!
You sock the hornet!
The hornet is heavily wounded.
You feel sick. You block the hornet's attack. The hornet stings you!
* * * LOW HITPOINT WARNING * * *
You feel as though you will be slow longer.
You hit the hornet.
The hornet is severely wounded.
You feel sick. The hornet completely misses you. You furiously retaliate!
You headbutt the hornet!!
You kill the hornet!
Trog accepts your kill.
The centaur warrior shoots an arrow.
The arrow closely misses you.
You feel sick.
The centaur warrior unwields a +0 longbow.
The centaur warrior wields a +0 dagger.
The centaur warrior hits you with a +0 dagger!!
* * * LOW HITPOINT WARNING * * *
The centaur warrior kicks you.
* * * LOW HITPOINT WARNING * * *
You closely miss the centaur warrior.
You feel sick.
You are no longer poisoned.
The centaur warrior hits you with a +0 dagger!
You die...

..............#
###########.<.#
###########)##
##.......# #.#
...#####.###)#####
.................#
################.#
#.# #@# #c# #.#
#.## ♣#..## ♣...?#
.~.~...#.#
~.~≈~..#.#
#~♣♣~♣#.#.#


You could see a centaur warrior (strong).

Vanquished Creatures
  Pikel (D:5)
  A deep elf pyromancer (D:8)
  Maggie (D:7)
  A hornet (D:8)
  2 steam dragons
  A water moccasin (D:7)
  An orc warrior (D:7)
  A sky beast (D:7)
  2 ogres
  A centaur (D:7)
  4 kobold brigands
  A bullfrog (D:7)
  A necrophage (D:7)
  2 scorpions
  5 killer bees (D:8)
  A howler monkey (D:5)
  3 hounds
  4 orc priests
  A gnoll bouda (D:7)
  3 iguanas
  2 orc wizards
  9 gnolls
  5 adders
  2 white imps
  3 dart slugs
  21 orcs
  An endoplasm (D:2)
  A giant cockroach (D:3)
  5 hobgoblins
  3 jackals (D:1)
  25 kobolds
  4 quokkas
  4 ball pythons
  5 bats
  A frilled lizard (D:4)
  4 goblins
  7 rats
139 creatures vanquished.

Vanquished Creatures (others)
  5 dream sheep (D:6)
  17 plants
22 creatures vanquished.

Grand Total: 161 creatures vanquished

Notes
Turn   | Place    | Note
-------+----------+-------------------------------------------
     0 | D:1      | LLlMATKO the Minotaur Berserker began the quest for the
                  | Orb.
     0 | D:1      | Reached XP level 1. HP: 19/19 MP: 0/0
   509 | D:1      | Reached XP level 2. HP: 27/27 MP: 1/1
   603 | D:1      | Found a faded altar of an unknown god.
  1000 | D:2      | Reached XP level 3. HP: 30/33 MP: 2/2
  1758 | D:2      | Reached ** piety under Trog
  2017 | D:3      | Reached XP level 4. HP: 36/40 MP: 3/3
  3184 | D:4      | Noticed a kobold brigand
  3191 | D:4      | Killed a kobold brigand
  3192 | D:4      | Reached XP level 5. HP: 47/47 MP: 4/4
  3280 | D:4      | You fall into a shaft and drop 2 floors!
  3315 | D:6      | Noticed an ogre
  3321 | D:6      | Killed an ogre
  3322 | D:6      | Reached skill level 5 in Fighting
  3322 | D:6      | Reached skill level 5 in Axes
  3500 | D:6      | Reached XP level 6. HP: 46/56 MP: 5/5
  3606 | D:5      | Entered Level 5 of the Dungeon
  3745 | D:5      | Noticed Pikel
  3763 | D:5      | Killed Pikel
  3764 | D:5      | Reached skill level 5 in Armour
  3764 | D:5      | Reached skill level 5 in Dodging
  3764 | D:5      | Reached XP level 7. HP: 64/64 MP: 6/6
  3861 | D:5      | Found a shimmering blue altar of Sif Muna.
  3861 | D:5      | Found a hazy altar of Hepliaklqana.
  4237 | D:4      | Found a staircase to the Ecumenical Temple.
  4314 | D:5      | Found a glowing golden altar of the Shining One.
  4420 | D:5      | Reached XP level 8. HP: 29/71 MP: 7/7
  4867 | D:5      | Reached skill level 1 in Maces & Flails
  4867 | D:5      | Reached skill level 1 in Shields
  5741 | D:6      | Reached *** piety under Trog
  6293 | D:6      | Noticed a dream sheep
  6293 | D:6      | Noticed a dream sheep
  6293 | D:6      | Noticed a dream sheep
  6293 | D:6      | Noticed a dream sheep
  6293 | D:6      | Noticed a dream sheep
  6293 | D:6      | Found a shimmering altar of Xom.
  6294 | D:6      | Killed a dream sheep
  6294 | D:6      | Killed a dream sheep
  6294 | D:6      | Killed a dream sheep
  6294 | D:6      | Killed a dream sheep
  6295 | D:6      | Killed a dream sheep
  6528 | D:7      | Noticed Maggie
  6541 | D:7      | Killed Maggie
  6667 | D:7      | Reached XP level 9. HP: 72/79 MP: 8/8
  7524 | D:7      | Found a snail-covered altar of Cheibriados.
  7531 | D:7      | Found a basalt altar of Yredelemnul.
  7799 | D:8      | Noticed a deep elf pyromancer
  8219 | D:8      | Reached skill level 5 in Maces & Flails
  8219 | D:8      | Reached skill level 5 in Shields
  8333 | D:8      | Killed a deep elf pyromancer
  8516 | D:8      | Noticed a centaur warrior
  8518 | D:8      | Paralysed by a hornet for 1 turns
  8530 | D:8      | Mangled by a centaur warrior

Illustrated notes

Levels and vault maps discovered:
D:1:      onia_arrival_pentagram, layout_basic,
          hellmonk_ecumenical_altar_arch_garden
D:2:      layout_basic
D:3:      layout_loops_ring
D:4:      layout_basic, lemuel_temple_firewalk_b, amethyst_killhole,
          lexackson_kobold_supper
D:5:      layout_basic, tso_metal_star, gammafunk_temple_overflow_wave,
          uniq_pikel
D:6:      layout_loops_ring, kb_xom_exploding_sheep
D:7:      layout_loops_ring, mainiacjoe_overflow_large_starburst,
          chequers_serial_rivers_micro_d, grunt_ministairs_2, uniq_maggie
D:8:      nzn_winding_woodlands_small [nzn_winding_woodlands_5x15_lazy_stream,
          nzn_winding_woodlands_center_garden,
          nzn_winding_woodlands_5x15_cabin], layout_loops_ring,
          lemuel_tele_altar, uniq_joseph

Skill      XL: |  1  2  3  4  5  6  7  8  9 |
---------------+----------------------------+-----
Fighting       | 4 5 6 7 8 |  8.7
Axes           | 4 5 6 |  6.4
Armour         | 3 4 5 6 7 8 |  8.3
Dodging        | 3 4 5 6 7 |  7.6
Maces & Flails | 3 5 |  5.6
Shields        | 3 5 |  5.6

Action                   |  1- 3 |  4- 6 |  7- 9 || total
-------------------------+-------+-------+-------++-------
Melee: Hand axe          |    80 |    89 |    12 ||   181
       Headbutt          |    11 |    22 |    24 ||    57
       Punch             |     1 |     1 |       ||     2
       Flail             |       |       |   204 ||   204
Throw: Dart              |       |     6 |     7 ||    13
Invok: Berserk           |     1 |     3 |     8 ||    12
Armor: Animal skin       |    21 |       |       ||    21
       Skin              |     1 |     7 |       ||     8
       Scale mail        |       |    23 |       ||    23
       Plate armour      |       |     4 |   160 ||   164
Dodge: Dodged            |    45 |    44 |   100 ||   189
Block: Buckler           |       |       |    45 ||    45
